 Dungeon Crawl Stone Soup version 0.25-a0-558-g78a2afb0af (webtiles) character file.

Game seed: 10429065144378177720, levelgen mode: deterministic

32 Flugslaktarn the Shield-Bearer (level 3, 0/29 HPs)
             Began as a Formicid Fighter on Feb 24, 2020.
             Slain by a bullfrog (6 damage)
             ... on level 5 of the Dungeon.
             The game lasted 00:00:35 (658 turns).

Flugslaktarn the Shield-Bearer (Formicid Fighter)    Turns: 658, Time: 00:00:35

Health: 0/29       AC:  9    Str: 21    XL:     3   Next: 45%
Magic:  3/3        EV:  6    Int:  7    God:
Gold:   51         SH:  9    Dex: 10    Spells: 2/2 levels left

rFire    . . .     SeeInvis +   a - +0 war axe
rCold    . . .     Gourm    .   c - +0 kite shield
rNeg     . . .     Faith    .   j - +0 chain mail
rPois    .         Spirit   .   (helmet unavailable)
rElec    .         Reflect  .   (no cloak)
rCorr    .         Harm     .   (no gloves)
MR       .....                  (no boots)
Stlth    ..........             (no amulet)
HPRegen  0.09/turn              (no ring)
MPRegen  0.08/turn              (no ring)

@: no status effects
A: permanent stasis, dig shafts and tunnels, four strong arms, antennae 3
a: Dig, Shaft Self


You were on level 5 of the Dungeon.
You were not hungry.

You visited 1 branch of the dungeon, and saw 5 of its levels.

You collected 51 gold pieces.

Inventory:

Hand Weapons
 a - a +0 war axe (weapon)
Armour
 b - a +0 scale mail
 c - a +0 kite shield (worn)
 j - a +0 chain mail (worn)
   (You found it on level 2 of the Dungeon)
Scrolls
 f - a scroll of immolation {unknown}
Potions
 d - a potion of might
 g - a potion of degeneration {unknown}
 i - 3 potions of stabbing {unknown}
 k - a potion of lignification {unknown}
Comestibles
 e - a ration
 h - a chunk of flesh


   Skills:
 + Level 3.6 Fighting
 * Level 2.7 Axes
 + Level 3.6 Armour
 + Level 4.0 Shields


You had 2 spell levels left.
You didn't know any spells.
Your spell library was empty.

Dungeon Overview and Level Annotations

Branches:
Dungeon (5/15)
 Temple: D:4-7

Altars:

Annotations:
D:4 Eustachio


Innate Abilities, Weirdness & Mutations

You cannot be hasted, slowed, berserked, paralysed or teleported.
You can dig through walls and to a lower floor.
Your four strong arms can wield two-handed weapons with a shield.
You have a pair of large antennae on your head. (SInv)


Message History

The iron imp disappears in a puff of smoke!
The shadow imp disappears in a puff of smoke!
The giant cockroach barely misses you.
There is a stone staircase leading down here.
The giant cockroach bites you but does no damage.
Eustachio casts a spell.
Eustachio blinks!
You climb downwards.
A bullfrog comes into view.
The bullfrog gives a loud, deep croak!
Found a ration.
There is a stone staircase leading up here.
Unknown command.
You slash the giant cockroach!
You kill the giant cockroach!
You see here a giant cockroach corpse.
There is a stone staircase leading up here.
Your chain mail prevents you from hitting the bullfrog.
The bullfrog hits you.
You die...

### #@# #F#
#......#
#......#
..........
###.........
#...........
#.........%.
#.......#...


You could see a bullfrog.

Vanquished Creatures
  An adder (D:2)
  A worm (D:2)
  A dart slug (D:2)
  A leopard gecko (D:3)
  2 bats
  A giant cockroach (D:5)
  A goblin (D:3)
  2 hobgoblins
  4 kobolds
  A quokka skeleton (D:3)
  4 rats
19 creatures vanquished.

Notes
Turn   | Place    | Note
-------+----------+-------------------------------------------
     0 | D:1      | Flugslaktarn the Formicid Fighter began the quest for the
                  | Orb.
     0 | D:1      | Reached XP level 1. HP: 18/18 MP: 1/1
   119 | D:2      | Reached XP level 2. HP: 24/24 MP: 2/2
   362 | D:2      | Reached XP level 3. HP: 22/29 MP: 3/3
   613 | D:3      | Reached skill level 4 in Shields
   629 | D:4      | Noticed Eustachio
   654 | D:5      | Entered Level 5 of the Dungeon
   654 | D:5      | Noticed a bullfrog
   658 | D:5      | Slain by a bullfrog

Levels and vault maps discovered:
D:1:      lemuel_arrival_room, layout_basic, serial_co_window_serial,
          co_window_paths_a, co_window_paths_b, co_window_of_opportunity_a,
          co_window_of_opportunity_a, co_window_corner_a, co_window_broadway_b,
          co_window_of_opportunity_b, co_window_2corner,
          co_window_unsneaky_path_d, co_window_corner_b, co_window_broadway_b,
          glass_columns_a, glass_columns_a, glass_columns_a, glass_columns_a
D:2:      layout_loops_corners
D:3:      layout_basic, uniq_grinder
D:4:      layout_basic, first_ration, hellmonk_ghost_happy_afterlife,
          nemelex_xobeh_ov_fountains_minmay, uniq_eustachio
D:5:      layout_basic, zin_statuary, serial_shops,
          nicolae_shop_window_shopping, minmay_manual_maat

Skill      XL: |  1  2  3 |
---------------+----------+-----
Shields        | 4 |  4.0
Fighting       | |  3.6
Axes           | |  2.7
Armour         | |  3.6

Action                   || total
-------------------------++-------
Melee: War axe           ||    75
 Abil: Dig               ||     1
Armor: Scale mail        ||     4
       Chain mail        ||    49
Dodge: Dodged            ||    18
Block: Kite shield       ||    46

Table legend:
 A = Non-vault XP
 B = Vault XP
 C = Vault XP percentage of total XP
 D = Non-vault monster count
 E = Vault monster count
 F = Vault count percentage of total count
                 A         B        C        D         E       F
            +---------+---------+-------+---------+---------+-------
      Total |      47 |       0 |   0.0 |      19 |       0 |   0.0
            +---------+---------+-------+---------+---------+-------
        D:1 |       3 |       0 |   0.0 |       2 |       0 |   0.0
        D:2 |      33 |       0 |   0.0 |      11 |       0 |   0.0
        D:3 |       9 |       0 |   0.0 |       5 |       0 |   0.0
        D:5 |       2 |       0 |   0.0 |       1 |       0 |   0.0
            +---------+---------+-------+---------+---------+-------
